 Dungeon Crawl Stone Soup version 0.31-a0-256-g80acddb972 (webtiles) character file.

Game seed: 5560485461450360163

39 qw the Shooter (level 3, -2/29 HPs)
             Began as a Minotaur Hexslinger on July 12, 2023.
             Killed by divine providence
             ... invoked by an orc priest
              (12 damage)
             ... on level 3 of the Dungeon.
             The game lasted 00:00:30 (1653 turns).

qw the Shooter (Minotaur Hexslinger)                Turns: 1653, Time: 00:00:31

Health: -2/29      AC:  5    Str: 12    XL:     3   Next: 26%
Magic:  3/3        EV: 11    Int: 10    God:
Gold:   65         SH:  4    Dex: 14    Spells: 3/4 levels left

rFire   . . .        Y - +1 sling
rCold   . . .        (no shield)
rNeg    . . .        i - +0 ring mail
rPois   .            (helmet restricted)
rElec   .            (no cloak)
rCorr   .            (no gloves)
SInv    .            (no boots)
Will    .....        (no amulet)
Stlth   +            (no ring)
HPRegen 0.24/turn    (no ring)
MPRegen 0.08/turn

%: no passive effects
@: no status effects
A: horns 2, retaliatory headbutt, large bone plates 1
a: no special abilities


You were on level 3 of the Dungeon.
You visited 1 branch of the dungeon, and saw 3 of its levels.

You collected 65 gold pieces.


Innate Abilities, Weirdness & Mutations

You have a pair of horns on your head.
You reflexively headbutt those who attack you in melee.
You are partially covered in large bone plates. (SH +4)


   Skills:
 - Level 2.0 Fighting
 + Level 3.8 Ranged Weapons
 - Level 2.1 Dodging
 - Level 1.0 Spellcasting
 - Level 2.0 Hexes


You had 3 spell levels left.
You knew the following spells:

 Your Spells              Type           Power      Damage    Failure   Level
a - Slow                  Hex            16%        N/A       34%         1

Your spell library contained the following spells:

 Spells                   Type           Power      Damage    Failure   Level
 Inner Flame              Hex/Fire       2%         N/A       83%         3
 Portal Projectile        Hex/Tloc       4%         N/A       83%         3
 Cause Fear               Hex            2%         N/A       98%         4

Inventory:

Hand Weapons
 Y - a +1 sling (weapon)
Armour
 i - a +0 ring mail (worn)
Scrolls
 g - a scroll of identify
Potions
 b - a potion of mutation
 e - a potion of curing
 j - a potion of degeneration {unknown}

Dungeon Overview and Level Annotations

Branches:
Dungeon (3/15)

Altars:
Xom


Message History

The sling bullet closely misses the orc priest.
You shoot a sling bullet. The sling bullet hits the orc priest.
The orc priest is lightly wounded.
An orc comes into view. It is wielding a +0 flail.
You shoot a sling bullet.
The sling bullet completely misses the orc priest.
The orc priest hits you with a +0 short sword.
You shoot a sling bullet.
The sling bullet closely misses the orc priest.
The orc barely misses you. You furiously retaliate!
You headbutt the orc.
The orc priest hits you with a +0 short sword.
You shoot a sling bullet.
The sling bullet closely misses the orc.
The orc closely misses you. You block the orc priest's attack.
You shoot a sling bullet. The sling bullet hits the orc.
The orc is almost dead.
You block the orc's attack. The orc priest closely misses you. x2
The orc closely misses you.
You shoot a sling bullet.
The sling bullet hits the orc but does no damage.
The orc is almost dead.
You shoot a sling bullet.
The sling bullet closely misses the orc.
The orc priest hits you but does no damage.
The orc hits you but does no damage.
The orc priest hits you with a +0 short sword.
You shoot a sling bullet. The sling bullet hits the orc.
You kill the orc!
The orc priest hits you but does no damage.
You shoot a sling bullet.
The sling bullet barely misses the orc priest.
The orc priest hits you with a +0 short sword.
You shoot a sling bullet. The sling bullet hits the orc priest.
The orc priest is heavily wounded.
You block the orc priest's attack.
You shoot a sling bullet. The sling bullet hits the orc priest.
The orc priest is almost dead.
The orc priest mumbles some strange prayers to Beogh against you.
Beogh smites you!
You die...

######..# #
......... .#
........######.#
...............
.........##....
.........##.#.##
.........##.#..#
.......<....#..#
.........##..@o#
...#####.#####o#
. #.# .# #.# .#
#.# .# #.# .#
#.. .# ##


You could see an orc priest and an orc.

Vanquished Creatures
  A dart slug (D:1)
  An orc (D:3)
  5 bats
  2 endoplasms
  A giant cockroach (D:1)
  4 hobgoblins
  3 jackals (D:1)
  2 quokkas (D:1)
  3 ball pythons
  4 frilled lizards
  A goblin (D:1)
  3 kobolds (D:1)
  5 rats
35 creatures vanquished.

Notes
Turn   | Place    | Note
-------+----------+-------------------------------------------
     0 | D:1      | qw the Minotaur Hexslinger began the quest for the Orb.
     0 | D:1      | Reached XP level 1. HP: 16/16 MP: 1/1
     0 | D:1      | 0 ||| qw: Version: 0.3-a-52-g30416fa
     0 | D:1      | 0 ||| qw: Game counter: 6745
     0 | D:1      | 0 ||| qw: Melee chars always use a shield: true
     0 | D:1      | 0 ||| qw: God list: Okawaru
     0 | D:1      | 0 ||| qw: Allow faded altars: false
     0 | D:1      | 0 ||| qw: Do Orc after clearing Dungeon:15 true
     0 | D:1      | 0 ||| qw: Do second Lair branch before Depths: true
     0 | D:1      | 0 ||| qw: Lair rune preference: random
     0 | D:1      | 0 ||| qw: Goals: Normal
     0 | D:1      | 0 ||| PLANNING D:1-11
    91 | D:1      | Reached skill level 3 in Ranged Weapons
   149 | D:1      | Reached XP level 2. HP: 23/23 MP: 2/2
   935 | D:1      | 935 ||| UPGRADING to +0 ring mail.
   945 | D:1      | 945 ||| DROPPING +0 robe.
   946 | D:1      | 946 ||| READING scroll labelled EDELIS AFOTIQ.
   947 | D:1      | 947 ||| READING 2 scrolls labelled FATEITA IRUBB.
   948 | D:1      | 948 ||| READING scroll labelled WARUOTOPAST.
   949 | D:1      | 949 ||| DROPPING scroll of poison.
   998 | D:2      | Reached XP level 3. HP: 29/29 MP: 3/3
  1200 | D:2      | Found a shimmering altar of Xom.
  1591 | D:2      | 1591 ||| READING scroll labelled XUAHOISAKH.
  1592 | D:2      | 1592 ||| READING scroll labelled SOHORYTAYNE.
  1593 | D:2      | 1593 ||| READING scroll labelled XUCKIU TYAV.
  1598 | D:2      | 1598 ||| READING scroll labelled UPEIJA XUCS.
  1599 | D:2      | 1599 ||| READING scroll labelled JUKHUNA ZEUWK.
  1600 | D:2      | 1600 ||| DRINKING 2 gluggy clear potions.
  1600 | D:2      | Gained mutation: Your spells are a little easier to cast,
                  | but a little less powerful. [potion of mutation]
  1600 | D:2      | Lost mutation: Your spells are a little easier to cast, but
                  | a little less powerful. [potion of mutation]
  1600 | D:2      | Gained mutation: You are partially covered in large bone
                  | plates. (SH +4) [potion of mutation]
  1601 | D:2      | 1601 ||| READING 3 scrolls of identify.
  1601 | D:2      | 1601 ||| IDENTIFYING murky emerald potion
  1602 | D:2      | 1602 ||| READING 2 scrolls of identify.
  1602 | D:2      | 1602 ||| IDENTIFYING puce potion
  1603 | D:2      | 1603 ||| DROPPING potion of brilliance.
  1653 | D:3      | Killed from afar by an orc priest

Levels and vault maps discovered:
D:1:      minmay_arrival_four_loops, layout_loops_corners, minmay_bisected
D:2:      layout_loops_ring, basic_altar
D:3:      layout_basic, lemuel_doored_altar, lemuel_coloured_pillars_altar,
          mainiacjoe_overflow_alcove_2, small_statue_intersection,
          minmay_crystal_room

Skill      XL: |  1  2 |
---------------+-------+-----
Ranged Weapons | 3 |  3.8
Fighting       | 2 |  2.0
Dodging        | |  2.1
Spellcasting   | |  1.0
Hexes          | |  2.0

Action                     || total
---------------------------++-------
   Fire: Sling             ||   101
    Use: Scroll            ||    10
         Potion            ||     1
 Armour: Robe              ||     1
         Ring mail         ||     6
  Dodge: Dodged            ||    30
  Block: Other             ||     3

Table legend:
 A = Non-vault XP
 B = Vault XP
 C = Vault XP percentage of total XP
 D = Non-vault monster count
 E = Vault monster count
 F = Vault count percentage of total count
                 A         B        C        D         E       F
            +---------+---------+-------+---------+---------+-------
      Total |      50 |       6 |  10.7 |      31 |       4 |  11.4
            +---------+---------+-------+---------+---------+-------
        D:1 |      34 |       6 |  15.0 |      21 |       4 |  16.0
        D:2 |      13 |       0 |   0.0 |       9 |       0 |   0.0
        D:3 |       3 |       0 |   0.0 |       1 |       0 |   0.0
            +---------+---------+-------+---------+---------+-------
